 Dungeon Crawl Stone Soup version 0.19-a0-1213-g90c832c (webtiles) character file.

15 Lindan9 the Vexing (level 2, -6/19 HPs)
             Began as a Vampire Enchanter on Aug 23, 2016.
             Mangled by Sigmund
             ... wielding a +0 scythe
              (12 damage)
             ... on level 2 of the Dungeon.
             The game lasted 00:04:56 (522 turns).

Lindan9 the Vexing (Vampire Enchanter)               Turns: 522, Time: 00:04:57

Health: -6/19      AC:  3    Str:  7    XL:     2   Next: 34%
Magic:  0/5        EV: 13    Int: 22    God:
Gold:   48         SH:  0    Dex: 14    Spells: 2 memorised, 2 levels left

rFire  . . .     SeeInvis +     a - +1 dagger
rCold  . . .     Gourm    .     b - +1 robe
rNeg   + . .     Faith    .     (no shield)
rPois  .         Spirit   +     (no helmet)
rElec  .         Dismiss  .     (no cloak)
rCorr  .         Reflect  .     (no gloves)
MR     .....     Harm     .     (no boots)
Stlth  +++.......               m - amulet of guardian spirit
                                (no ring)
                                l - +5 ring of intelligence

@: no status effects
A: fangs 3, see invisible, unbreathing
a: no special abilities


You were on level 2 of the Dungeon.
You were not thirsty.

You visited 1 branch of the dungeon, and saw 2 of its levels.

You collected 48 gold pieces.

Inventory:

Hand Weapons
 a - a +1 dagger (weapon)
 e - a +0 dagger
Armour
 b - a +1 robe (worn)
Jewellery
 l - a +5 ring of intelligence (left hand)
 m - an amulet of guardian spirit (around neck)
Scrolls
 f - a scroll of fear {unknown}
 g - a scroll of fog {unknown}
 h - 2 scrolls of identify {unknown}
 n - 2 scrolls of remove curse {unknown}
Potions
 d - 3 potions of blood
 i - a potion of cancellation {unknown}
 j - a potion of invisibility {unknown}
 k - a potion of lignification {unknown}
Books
 c - a book of Maledictions

   Spells                             Type                      Level
   a - Corona                         Hexes                        1
   b - Ensorcelled Hibernation        Hexes/Ice                    2
   c - Confuse                        Hexes                        3
   d - Tukima's Dance                 Hexes                        3
   e - Dazzling Spray                 Conjuration/Hexes            3


   Skills:
 + Level 1.2 Short Blades
 + Level 2.4 Dodging
 + Level 4.5 Stealth
 + Level 2.2 Spellcasting
 + Level 4.8 Hexes


You had 2 spell levels left.
You knew the following spells:

 Your Spells              Type           Power        Failure   Level  Hunger
a - Corona                Hex            ###....      1%          1    None
b - Ensorcelled Hibernat  Hex/Ice        ##....       10%         2    ##.....


Dungeon Overview and Level Annotations

Branches:
Dungeon (2/15)

Altars:

Annotations:
D:2 Sigmund


Innate Abilities, Weirdness & Mutations

You have razor-sharp teeth.
You have supernaturally acute eyesight. (SInv)
You can survive without breathing.


Message History

Found 2 gold pieces.
Sigmund casts a spell.
Sigmund flickers and vanishes for a moment.
The goblin hits you.
Found 7 gold pieces.
Sorry, you're not good enough to have a special ability.
The goblin hits you. The goblin barely misses you. Sigmund barely misses you.
Found a glowing hand axe.
The goblin hits you.
Sigmund hits you from afar with a scythe!
Sigmund misses you. The goblin hits you but does no damage.
The goblin misses you. Sigmund casts a spell at you. The magic dart hits you!
Sigmund casts a spell at you. You resist with significant effort.
Sigmund hits you from afar with a scythe!
Ouch! That really hurt!
You die...

.........(.##
............#
#####..........#
#..............#
#...........$..#
#....$.........#
#....###.......#
##..............#########
#.......@.g...#..........
#.........@...#.##...##..
#.....##......#...#......
#..... #...........#.##.$
#.... ##................
###......#.###...........
.$ ....................
#.. .............##.....
.....#.......#......


You could see Sigmund (invisible) and a goblin.

Vanquished Creatures
  A giant gecko (D:1)
  3 goblins (D:1)
  5 hobgoblins (D:1)
  2 bats (D:1)
  A giant newt (D:1)
  A rat (D:1)
13 creatures vanquished.

Notes
Turn   | Place    | Note
-------+----------+-------------------------------------------
     0 | D:1      | Lindan9 the Vampire Enchanter began the quest for the Orb.
     0 | D:1      | Reached XP level 1. HP: 13/13 MP: 3/3
   188 | D:1      | Reached XP level 2. HP: 16/19 MP: 5/5
   429 | D:1      | Learned a level 2 spell: Ensorcelled Hibernation
   486 | D:2      | Noticed Sigmund
   522 | D:2      | Mangled by Sigmund

Vault maps used:
D:1:      elethiomel_arrival_quiet
D:2:      kennysheep_generic_room_6, uniq_crazy_yiuf_cottage, uniq_iyjb,
          uniq_sigmund

Action                   || total
-------------------------++-------
Melee: Dagger            ||    42
       Bite              ||     4
 Cast: Corona            ||     5
 Stab: Sleeping          ||     4
  Eat: Corpse            ||     1
Armor: Robe              ||    19
Dodge: Dodged            ||    48
